 Dungeon Crawl Stone Soup version 0.22.1-1-ga44c0e5 (webtiles) character file.

4185 MalarOregon the Carver (level 10, -2/90 HPs)
             Began as a Minotaur Berserker on Sept 21, 2018.
             Was a High Priest of Trog.
             Slain by a killer bee (10 damage)
             ... on level 8 of the Dungeon.
             The game lasted 00:10:12 (6618 turns).

MalarOregon the Carver (Minotaur Berserker)         Turns: 6618, Time: 00:10:13

Health: -2/90      AC: 10    Str: 25    XL:     10   Next: 8%
Magic:  9/9        EV: 11    Int:  4    God:    Trog [*****.]
Gold:   288        SH: 15    Dex: 10    Spells: 9/9 levels left

rFire    . . .     SeeInvis .   a - +0 falchion
rCold    + . .     Gourm    .   G - +2 shield
rNeg     . . .     Faith    .   y - +0 scale mail
rPois    .         Spirit   .   (helmet restricted)
rElec    .         Reflect  +   l - +0 cloak
rCorr    .         Harm     .   A - +0 pair of gloves
MR       .....                  (no boots)
Stlth    ..........             B - +4 amulet of reflection
HPRegen  0.25/turn              o - ring of protection from cold
MPRegen  0.11/turn              (no ring)

@: lethally poisoned (-2 -> -20), berserk cooldown, slowed, invisible, very slow
A: retaliatory headbutt, horns 2
a: Berserk, Trog's Hand, Brothers in Arms, Renounce Religion


You were on level 8 of the Dungeon.
You worshipped Trog.
Trog was extremely pleased with you.
You were very hungry.

You visited 2 branches of the dungeon, and saw 9 of its levels.

You collected 448 gold pieces.
You spent 160 gold pieces at shops.

Inventory:

Hand Weapons
 a - a +0 falchion (weapon)
Missiles
 g - 14 tomahawks
 j - 7 javelins (quivered)
 D - 3 throwing nets {!f}
Armour
 l - a +0 cloak (worn)
   (You found it on level 1 of the Dungeon)
 y - a +0 scale mail (worn)
   (You took it off an orc priest on level 5 of the Dungeon)
 A - a +0 pair of gloves (worn)
   (You found it on level 5 of the Dungeon)
 G - a +2 shield (worn)
   (You found it on level 8 of the Dungeon)
Jewellery
 o - a ring of protection from cold (left hand)
   (You found it on level 2 of the Dungeon)
 B - a +4 amulet of reflection (around neck)
   (You found it on level 6 of the Dungeon)
Wands
 t - a wand of flame (21)
   (You found it on level 7 of the Dungeon)
Scrolls
 h - 2 scrolls of blinking
 n - 3 scrolls of magic mapping
 p - 5 scrolls of remove curse {@r2}
 r - 6 scrolls of teleportation {@r4}
 u - 9 scrolls of identify {@r1}
 v - a scroll of enchant weapon {unknown}
 w - 4 scrolls of immolation {unknown}
 F - a scroll of enchant armour {unknown}
Potions
 b - a potion of mutation {unknown}
 c - a potion of cancellation
 d - 2 potions of resistance {unknown}
 f - 4 potions of lignification {unknown}
 i - 4 potions of flight
 q - 3 potions of curing {unknown}
 s - a potion of ambrosia
 x - a potion of degeneration {unknown}
 z - a potion of brilliance {unknown}
 C - 3 potions of berserk rage {unknown}
 E - 2 potions of heal wounds {unknown}
Comestibles
 e - 24 rations {!d}


   Skills:
 + Level 8.6 Fighting
 * Level 11.4 Long Blades
 + Level 8.1 Armour
 + Level 7.4 Dodging
 + Level 2.0 Shields


You had 9 spell levels left.
You didn't know any spells.
Your spell library was empty.

Dungeon Overview and Level Annotations

Branches:
Dungeon (8/15)             Temple (0/1) D:6            Lair (1/6) D:8

Altars:
Cheibriados
Kikubaaqudgha
Nemelex Xobeh
Okawaru
Qazlal
Xom
Zin

Shops:
D:5 *


Innate Abilities, Weirdness & Mutations

You reflexively headbutt those who attack you in melee.
You have a pair of horns on your head.


Message History

The killer bee stings you!
* * * LOW HITPOINT WARNING * * *
You climb upwards.
Welcome back to the Dungeon!
You feel a strong urge to attack something.
You feel sick.
There is a staircase to the Lair here.
Unknown command.
Unknown command.
You closely miss the killer bee.
You feel sick. You block the killer bee's attack.
The killer bee barely misses you. You furiously retaliate!
You headbutt the killer bee!
The killer bee stings you but does no damage.
The killer bee stings you!
* * * LOW HITPOINT WARNING * * *
You are more poisoned.
The killer bee poisons you!
You miss the killer bee. Your headbutt misses the killer bee.
You feel sick. You block the killer bee's attack.
The killer bee closely misses you.
You riposte.
You completely miss the killer bee. The killer bee stings you!
* * * LOW HITPOINT WARNING * * *
The killer bee closely misses you.
You riposte.
You miss the killer bee. You headbutt the killer bee!
The killer bee stings you but does no damage.
You closely miss the killer bee. Your headbutt misses the killer bee.
You feel sick. You block the killer bee's attack. x3
The killer bee stings you but does no damage.
Unknown command.
You are no longer berserk.
You are exhausted.
You feel yourself slow down.
You feel sick. The killer bee stings you!
* * * LOW HITPOINT WARNING * * *
You block the killer bee's attack.
The killer bee stings you but does no damage.
Your skin stops crawling.
You feel less resistant to hostile enchantments.
* * * LOW HITPOINT WARNING * * *
You feel very sick.
The killer bee stings you but does no damage.
You block the killer bee's attack. The killer bee barely misses you.
You riposte.
You hit the killer bee. You block the killer bee's attack. x3
The killer bee stings you!
* * * LOW HITPOINT WARNING * * *
The killer bee barely misses you. The killer bee closely misses you.
Okay, then.
You fade into invisibility!
* * * LOW HITPOINT WARNING * * *
You feel very sick. The killer bee stings you!
You die...

#.# #....>.#.##.##>##. #.#
#......#.......... #.#
#......#######.### #.# #......#
#.# #)# #......# #.# #.#
#......# #.# #.# #######.###
#.# ##.###...###..########.#
########.....###@##.#.........#
#......#..#..###yy.###.########
#.####.#...<.##yy##.#.## #####
#.####.#.##.....y....## #....
....##.#.####.#####.## #.###
#.#.##.#.####.# ##.## #.###
#.#.##.#......# #...# #.##.
#......######## #...# ####.##.
###......# #...# #....)).


You could see 5 killer bees.

Vanquished Creatures
  A spiny frog (Lair:1)
  A queen bee (Lair:1)
  2 hippogriffs
  A wyvern (D:8)
  A black bear (D:6)
  3 ice beasts
  An orc warrior (D:8)
  2 sky beasts
  6 ogres
  3 centaurs
  A big kobold (D:8)
  2 wyvern skeletons (D:7)
  7 killer bees (Lair:1)
  4 howler monkeys
  2 crimson imps
  A centaur zombie (D:8)
  A jelly (D:6)
  5 orc priests
  A centaur skeleton (D:5)
  2 hounds
  2 iguanas
  Natasha (thrice) (D:2)
  13 orc wizards
  4 worker ants
  A hound zombie (D:8)
  A hound skeleton (D:6)
  4 gnolls (D:5)
  6 adders
  3 shadow imps
  3 oozes (D:2)
  An adder skeleton (D:6)
  3 worms
  A dart slug (D:6)
  5 leopard geckos
  22 orcs
  3 ball pythons
  6 bats
  6 giant cockroaches
  8 goblins
  7 hobgoblins
  5 jackals
  12 kobolds
  6 quokkas
  4 frilled lizards
  2 quokka zombies
  13 rats
191 creatures vanquished.

Notes
Turn   | Place    | Note
-------+----------+-------------------------------------------
     0 | D:1      | MalarOregon the Minotaur Berserker began the quest for the
                  | Orb.
     0 | D:1      | Reached XP level 1. HP: 19/19 MP: 0/0
   279 | D:1      | Reached XP level 2. HP: 27/27 MP: 1/1
   296 | D:1      | Reached skill level 4 in Long Blades
   661 | D:2      | Reached ** piety under Trog
   717 | D:2      | Reached XP level 3. HP: 30/33 MP: 2/2
   896 | D:2      | Noticed Natasha
   900 | D:2      | Killed Natasha
   900 | D:2      | Reached XP level 4. HP: 35/40 MP: 3/3
   963 | D:2      | Found a shimmering altar of Xom.
   963 | D:2      | Found a glowing silver altar of Zin.
   964 | D:2      | Noticed an angel
  1155 | D:2      | Noticed Natasha
  1162 | D:2      | Killed Natasha
  1162 | D:2      | Reached skill level 5 in Long Blades
  1496 | D:2      | Noticed Natasha
  1504 | D:2      | Killed Natasha
  1504 | D:2      | Reached XP level 5. HP: 44/47 MP: 4/4
  1774 | D:3      | Reached *** piety under Trog
  1883 | D:3      | Found an ancient bone altar of Kikubaaqudgha.
  1889 | D:3      | Found a sparkling altar of Nemelex Xobeh.
  1897 | D:3      | Found a stormy altar of Qazlal.
  1904 | D:3      | Found an iron altar of Okawaru.
  2302 | D:4      | Reached XP level 6. HP: 26/55 MP: 5/5
  2722 | D:4      | Reached skill level 5 in Fighting
  2722 | D:4      | Reached skill level 6 in Long Blades
  3439 | D:5      | Entered Level 5 of the Dungeon
  3453 | D:5      | Reached XP level 7. HP: 50/61 MP: 6/6
  3517 | D:5      | Reached skill level 7 in Long Blades
  3636 | D:5      | Reached skill level 5 in Armour
  3935 | D:5      | Found Emeaziq's Assorted Antiques.
  4293 | D:5      | Bought a glowing steel ring for 160 gold pieces
  4327 | D:6      | Found a staircase to the Ecumenical Temple.
  4340 | D:6      | Reached **** piety under Trog
  4340 | D:6      | Reached XP level 8. HP: 36/70 MP: 7/7
  4347 | D:6      | Reached skill level 8 in Long Blades
  4586 | D:6      | Reached skill level 5 in Dodging
  5015 | D:6      | Found a snail-covered altar of Cheibriados.
  5157 | D:7      | Reached skill level 9 in Long Blades
  5295 | D:7      | Noticed a hippogriff
  5306 | D:7      | Killed a hippogriff
  5355 | D:7      | Reached XP level 9. HP: 58/79 MP: 8/8
  5409 | D:7      | Got a jewelled mace
  5410 | D:7      | Identified the +7 mace "Tyecky" {antimagic, +Rage} (You
                  | found it on level 7 of the Dungeon)
  5691 | D:8      | Reached skill level 10 in Long Blades
  5825 | D:8      | Found a staircase to the Lair.
  6376 | D:8      | Reached skill level 11 in Long Blades
  6590 | Lair:1   | Entered Level 1 of the Lair of Beasts
  6590 | Lair:1   | Noticed a queen bee
  6591 | Lair:1   | Noticed a spiny frog
  6602 | Lair:1   | Reached skill level 1 in Shields
  6603 | Lair:1   | Killed a spiny frog
  6603 | Lair:1   | Reached ***** piety under Trog
  6605 | Lair:1   | Reached XP level 10. HP: 90/90 MP: 9/9
  6618 | D:8      | Slain by a killer bee

Skill      XL: |  1  2  3  4  5  6  7  8  9 10 |
---------------+-------------------------------+-----
Long Blades    | 4 5 6 7 9 11 | 11.4
Fighting       | 4 5 6 7 8 |  8.6
Armour         | 3 4 5 6 8 |  8.1
Dodging        | 3 4 6 7 |  7.4
Shields        | 1 2 |  2.0

Action                   |  1- 3 |  4- 6 |  7- 9 | 10-12 || total
-------------------------+-------+-------+-------+-------++-------
Melee: Falchion          |    67 |   121 |   301 |     8 ||   497
       Headbutt          |    17 |    31 |    90 |     3 ||   141
       Mace              |       |       |    13 |       ||    13
Throw: Javelin           |       |     2 |     2 |       ||     4
Invok: Berserk           |       |       |     3 |       ||     3
       Trog's Hand       |       |       |     2 |       ||     2
  Use: Scroll            |     1 |     8 |       |       ||     9
       Potion            |       |       |       |     1 ||     1
  Eat: Chunk             |       |     8 |    13 |       ||    21
Armor: Ring mail         |    19 |    35 |       |       ||    54
       Scale mail        |       |       |   120 |    11 ||   131
Dodge: Dodged            |    50 |    69 |   194 |    12 ||   325
Block: Other             |       |       |    37 |       ||    37
       Shield            |       |       |    25 |    24 ||    49
       Reflection        |       |       |     3 |       ||     3
       Rpst.: Falchion   |     9 |    21 |    54 |     7 ||    91
